 Dungeon Crawl Stone Soup version 0.27-a0-1358-ga0a28fc8c3 (webtiles) character file.

Game seed: 18342722971872100027

414 Delamore the Sneak (level 6, 0/44 HPs)
             Began as an Octopode Brigand on June 28, 2021.
             Hit by a boomerang thrown by an orc (2 damage)
             ... on level 4 of the Dungeon.
             The game lasted 00:03:44 (4180 turns).

Delamore the Sneak (Octopode Brigand)               Turns: 4180, Time: 00:03:45

Health: 0/44       AC:  1    Str: 10    XL:     6   Next: 91%
Magic:  6/6        EV: 17    Int: 13    God:
Gold:   203        SH:  0    Dex: 16    Spells: 5/5 levels left

rFire    . . .     SeeInvis .   l - +2 dagger (pain)
rCold    . . .     Faith    .   (no shield)
rNeg     . . .     Spirit   .   (helmet restricted)
rPois    .         Reflect  .   (no amulet)
rElec    .         Harm     .   k - +4 ring of evasion
rCorr    .         Rampage  .   (no ring)
Will     .....                  (no ring)
Stlth    +++.......             (no ring)
HPRegen  0.14/turn              (no ring)
MPRegen  0.10/turn              (no ring)
                                (no ring)
                                (no ring)

@: confused, mighty
A: almost no armour, amphibious, 8 rings, camouflage 1, gelatinous body 1,
(nimble swimmer 1), tentacles
a: no special abilities


You were on level 4 of the Dungeon.
You visited 1 branch of the dungeon, and saw 4 of its levels.

You collected 203 gold pieces.

Inventory:

Hand Weapons
 a - a +2 dagger
 l - a +2 dagger of pain (weapon)
Missiles
 b - 8 poisoned darts (quivered)
 c - 2 curare-tipped darts
Jewellery
 k - a +4 ring of evasion (left tentacle)
Wands
 g - a wand of paralysis (20)
 j - a wand of iceblast (6)
Scrolls
 d - 2 scrolls of teleportation
 m - a scroll of identify
Potions
 e - a potion of berserk rage
 f - a potion of mutation {unknown}
 h - a potion of might
 i - a potion of lignification {unknown}
 n - a potion of brilliance {unknown}


   Skills:
 + Level 4.4 Fighting
 + Level 4.3 Short Blades
 - Level 2.0 Throwing
 - Level 1.0 Dodging
 + Level 7.7 Stealth


You had 5 spell levels left.
You didn't know any spells.
Your spell library contained the following spells:

 Spells                   Type           Power      Damage    Failure   Level
 Poisonous Vapours        Pois/Air       0%         N/A       43%         2
 Conjure Flame            Conj/Fire      0%         6-21      67%         3
 Mephitic Cloud           Conj/Pois/Air  0%         N/A       67%         3
 Freezing Cloud           Conj/Ice/Air   0%         6-21      100%        5


Dungeon Overview and Level Annotations

Branches:
Dungeon (4/15)
 Temple: D:4-7

Altars:
Uskayaw
Beogh

Shops:
D:1 (

Annotations:
D:3 2 runed translucent doors, tape's ghost, amateur DsFi
D:4 3 runed translucent doors, fly's ghost, amateur DgTm


Innate Abilities, Weirdness & Mutations

You cannot wear most types of armour.
You are amphibious.
You can wear up to eight rings at the same time.
Your skin changes colour to match your surroundings (Stealth+).
Your rubbery body absorbs attacks. (AC +1, EV +1)
((You are camouflaged near water. (Stealth+)))
You have tentacles for arms and can constrict up to eight enemies at once.


Message History

A puff of flame appears from out of thin air!
The puff of flame hits you!
You hit something.
The orc throws a boomerang.
The boomerang barely misses you. Something barely misses you.
You hit something. Something barely misses you.
You're too confused to move!
The orc throws a boomerang.
The boomerang hits you. Something hits you.
You hit something.
You feel less confused.
You barely miss something.
The orc throws a boomerang.
The boomerang closely misses you.
You hear some strange, mumbled words.
Something tries to affect you, but you resist.
You miss something. You squeeze something. Something hits you.
You closely miss something. Your squeeze misses something.
You hear some strange, mumbled words.
A magic dart appears from out of thin air!
The magic dart hits you!
You hit something. Something hits you.
* * * LOW HITPOINT WARNING * * *
You hit something but do no damage. You completely miss something.
The orc throws a boomerang.
The boomerang misses you. Something hits you.
* * * LOW HITPOINT WARNING * * *
You hit something but do no damage.
The orc throws a boomerang.
Something hits you.
* * * LOW HITPOINT WARNING * * *
You closely miss something. Your squeeze misses something.
The orc throws a boomerang.
The boomerang barely misses you. Something hits you.
* * * LOW HITPOINT WARNING * * *
It was a potion of might.
You feel very mighty all of a sudden.
You hear some strange, mumbled words.
You are confused.
You bump into the rock wall.
The orc throws a boomerang.
The boomerang misses you. Something hits you.
* * * LOW HITPOINT WARNING * * *
You miss something.
The orc throws a boomerang.
The boomerang hits you.
You die...

#####.#..# # #.#..# #
#.#..# # #.#..# # #.#..#
#####.#..# ..)...#..####
#########(..###########>
........†.'...@{o.....
#######...############
#.....# #.....# #...###
..8 #...# ... # #...#
#8#.# #...# ###.# #####


You could see an orc.

Vanquished Creatures
  2 scorpions (D:4)
  2 iguanas
  Ijyb (D:4)
  4 orc wizards
  5 adders
  2 worms
  8 orcs
  6 bats
  5 endoplasms
  5 giant cockroaches
  3 goblins
  3 hobgoblins
  2 jackals (D:4)
  6 kobolds
  2 quokkas
  10 ball pythons
  A frilled lizard (D:2)
  3 rats
70 creatures vanquished.

Notes
Turn   | Place    | Note
-------+----------+-------------------------------------------
     0 | D:1      | Delamore the Octopode Brigand began the quest for the Orb.
     0 | D:1      | Reached XP level 1. HP: 14/14 MP: 1/1
   119 | D:1      | Found Afont's Weapon Shop.
   278 | D:1      | Reached XP level 2. HP: 19/19 MP: 2/2
   803 | D:2      | Found a faded altar of an unknown god.
   803 | D:2      | Found a hide-covered altar of Uskayaw.
  1030 | D:2      | Reached XP level 3. HP: 25/25 MP: 3/3
  1219 | D:2      | Reached skill level 6 in Stealth
  1219 | D:2      | Reached XP level 4. HP: 30/30 MP: 4/4
  1727 | D:3      | Found a runed translucent door.
  1760 | D:3      | Found a runed translucent door.
  1763 | D:3      | Noticed tape's ghost (amateur DsFi)
  2482 | D:3      | Reached XP level 5. HP: 36/36 MP: 5/5
  3033 | D:3      | Reached skill level 7 in Stealth
  3033 | D:3      | Reached XP level 6. HP: 18/43 MP: 6/6
  3478 | D:4      | Found a runed translucent gate.
  3481 | D:4      | Found a runed translucent gate.
  3482 | D:4      | Found a runed translucent gate.
  3484 | D:4      | Noticed fly's ghost (amateur DgTm)
  3484 | D:4      | Identified the +1 mace "Demonslayer" {vorpal, Fly rF+}
  3484 | D:4      | Identified the +2 leather armour of Rumiab {-Cast Rampage
                  | rF+}
  3557 | D:4      | Noticed Ijyb
  3576 | D:4      | Killed Ijyb
  4179 | D:4      | HP: 2/44 [something (4)]
  4180 | D:4      | Hit by a boomerang thrown by an orc

Illustrated notes

Levels and vault maps discovered:
D:1:      onia_arrival_mini_spirals, layout_loops_cross, serial_shops,
          nicolae_shop_crystal
D:2:      minmay_inner_zag, layout_basic, basic_altar, basic_ecumenical_altar,
          minmay_pentomino_p4
D:3:      layout_loops_cross, ebering_ghost_sewer_f, nrook_mini_vaults
D:4:      layout_basic, temple_statues, biasface_ghost_orc_armoury, uniq_ijyb

Skill      XL: |  1  2  3  4  5  6 |
---------------+-------------------+-----
Stealth        | 6 7 |  7.7
Fighting       | 3 4 |  4.4
Short Blades   | 3 4 |  4.3
Throwing       | |  2.0
Dodging        | |  1.0

Action                   |  1- 3 |  4- 6 || total
-------------------------+-------+-------++-------
Melee: Dagger            |    33 |   139 ||   172
       Tentacles         |     7 |    18 ||    25
       Constrict         |     6 |    19 ||    25
Throw: Dart              |       |     7 ||     7
Evoke: Wand              |       |     1 ||     1
  Use: Scroll            |     4 |     1 ||     5
       Potion            |       |     1 ||     1
 Stab: Sleeping          |    11 |    14 ||    25
       Paralysed         |       |     1 ||     1
Armor: Skin              |       |     4 ||     4
Dodge: Dodged            |    13 |    70 ||    83

Table legend: (Time is in decaauts)
 A = Elapsed time spent in this place.
 B = Non-inter-level travel time spent in this place.
 C = Inter-level travel time spent in this place.
 D = Time resting spent in this place.
 E = Time spent auto-exploring this place.
 F = Levels seen in this place.
 G = Mean time per level.
                   A        B        C        D        E       F      G
               +--------+--------+--------+--------+--------+-----+--------+
         Total |   4155 |   4090 |     65 |    931 |   2669 |   4 | 1038.8 |
       Dungeon |   4155 |   4090 |     65 |    931 |   2669 |   4 | 1038.8 |
               +--------+--------+--------+--------+--------+-----+--------+

Top non-repeatable levels by time:
     D:3: 1617 daAuts
     D:4: 906 daAuts
     D:2: 880 daAuts
     D:1: 749 daAuts
